 Dungeon Crawl Stone Soup version 0.29.1-2-gbd0b4ee654 (webtiles) character file.

Game seed: 7446539124974995755

23 warriortoast the Sneak (level 2, -7/13 HPs)
             Began as a Spriggan Enchanter on Nov 21, 2022.
             Mangled by Sigmund
             ... wielding a +0 scythe
              (11 damage)
             ... on level 2 of the Dungeon.
             The game lasted 00:02:51 (1506 turns).

warriortoast the Sneak (Spriggan Enchanter)         Turns: 1506, Time: 00:02:51

Health: -7/13      AC:  2    Str:  4    XL:     2   Next: 72%
Magic:  2/7        EV: 17    Int: 16    God:
Gold:   76         SH:  0    Dex: 15    Spells: 5/7 levels left

rFire   . . .      SeeInvis +   a - +1 dagger
rCold   . . .      Faith    .   (no shield)
rNeg    . . .      Spirit   .   b - +0 robe
rPois   .          Reflect  .   (helmet restricted)
rElec   .          Harm     .   (no cloak)
rCorr   .          Rampage  .   (gloves unavailable)
Will    .....                   (boots unavailable)
Stlth   +++.......              (no amulet)
HPRegen 0.04/turn               (no ring)
MPRegen 0.10/turn               (no ring)

@: very slightly contaminated, very quick
A: very small, no large weapons, unfitting armour, see invisible, speed 3
a: no special abilities


You were on level 2 of the Dungeon.
You visited 1 branch of the dungeon, and saw 2 of its levels.

You collected 76 gold pieces.

Inventory:

Hand Weapons
 a - a +1 dagger (weapon)
Armour
 b - a +0 robe (worn)
Scrolls
 d - a scroll of teleportation {unknown}
 e - a scroll of immolation {unknown}
 f - a scroll of magic mapping {unknown}
Potions
 c - 2 potions of invisibility


   Skills:
 + Level 1.6 Short Blades
 + Level 3.1 Dodging
 + Level 4.8 Stealth
 + Level 3.0 Spellcasting
 + Level 3.9 Hexes


You had 5 spell levels left.
You knew the following spells:

 Your Spells              Type           Power      Damage    Failure   Level
a - Ensorcelled Hibernat  Hex/Ice        16%        N/A       13%         2

Your spell library contained the following spells:

 Spells                   Type           Power      Damage    Failure   Level
 Confusing Touch          Hex            15%        N/A       11%         3
 Tukima's Dance           Hex            15%        N/A       11%         3
 Dazzling Flash           Conj/Hex       16%        N/A       26%         3


Dungeon Overview and Level Annotations

Branches:
Dungeon (2/15)

Altars:

Annotations:
D:2 Sigmund


Innate Abilities, Weirdness & Mutations

You are very small and have problems with some larger weapons.
You are too small for most types of armour.
You have supernaturally acute eyesight. (SInv)
You cover ground extremely quickly. (Speed+++)


Message History

Aiming: Ensorcelled Hibernation (safe; 13% risk of failure)
Press: ? - help, Shift-Dir - straight line, f/p - Sigmund
Aim: Sigmund, wielding a +0 scythe and wearing a +0 robe (almost dead, chance to affect: 50%) Sigmund resists with some effort.
Casting: Ensorcelled Hibernation (safe; 13% risk of failure)
Confirm with . or Enter, or press ? or * to list all spells.
You don't have enough magic to cast this spell.
Unknown command.
Casting: Ensorcelled Hibernation (safe; 13% risk of failure)
Confirm with . or Enter, or press ? or * to list all spells.
You don't have enough magic to cast this spell.
Unknown command.
You hit Sigmund but do no damage.
Sigmund is almost dead.
Sigmund points at you and mumbles some strange words.
The magic dart hits you.
You barely miss Sigmund.
Sigmund is almost dead.
Sigmund barely misses you.
You barely miss Sigmund.
Sigmund is almost dead.
You closely miss Sigmund.
Sigmund is almost dead.
Sigmund misses you.
You hit Sigmund but do no damage.
Sigmund is almost dead.
Sigmund hits you with a +0 scythe.
* * * LOW HITPOINT WARNING * * *
You hit Sigmund but do no damage.
Sigmund is almost dead.
You hit Sigmund but do no damage.
Sigmund is almost dead.
Sigmund barely misses you.
You closely miss Sigmund.
Sigmund is almost dead.
You hit Sigmund.
Sigmund is almost dead.
Sigmund hits you with a +0 scythe!
Ouch! That really hurt!
You die...

#.# #.# #.# #
#.# .#
##.######.#
##...##....#
#####......#<###
.......@..###.#
#####.@....# .#
##..?##.#.#
##.## .#.# #.#
#.# ..# .# ....
.# #####


You could see Sigmund.

Vanquished Creatures
  An endoplasm (D:1)
  3 goblins (D:1)
  3 hobgoblins (D:1)
  4 jackals (D:1)
  A kobold (D:1)
  2 quokkas (D:1)
  A ball python (D:1)
  A bat (D:1)
  3 rats (D:1)
19 creatures vanquished.

Notes
Turn   | Place    | Note
-------+----------+-------------------------------------------
     0 | D:1      | warriortoast the Spriggan Enchanter began the quest for the
                  | Orb.
     0 | D:1      | Reached XP level 1. HP: 9/9 MP: 5/5
   236 | D:1      | Reached XP level 2. HP: 13/13 MP: 6/6
   239 | D:1      | Learned a level 2 spell: Ensorcelled Hibernation
  1337 | D:1      | Found a faded altar of an unknown god.
  1488 | D:2      | Noticed Sigmund
  1506 | D:2      | Mangled by Sigmund

Illustrated notes

Levels and vault maps discovered:
D:1:      scummos_arrival_hexagon, layout_basic, ebering_ecumenical_altar_box,
          minmay_misc_feat_iff
D:2:      minmay_skewed_foursquare, layout_loops_ring, uniq_sigmund

Skill      XL: |  1  2 |
---------------+-------+-----
Dodging        | 3 |  3.1
Spellcasting   | 3 |  3.0
Short Blades   | |  1.6
Stealth        | |  4.8
Hexes          | |  3.9

Action                   || total
-------------------------++-------
Melee: Dagger            ||    70
       Punch             ||     1
 Cast: Ensorcelled Hiber ||    11
 Stab: Sleeping          ||     8
Armor: Robe              ||     3
Dodge: Dodged            ||    45
